 Dungeon Crawl Stone Soup version 0.19.0-26-g9e9c210 (webtiles) character file.

77311 Melicamp the Unseen (level 15, -2/80 HPs)
             Began as a Spriggan Enchanter on Nov 23, 2016.
             Was the Champion of Dithmenos.
             Killed by static electricity
             ... invoked by an insubstantial wisp
              (7 damage)
             ... on level 3 of the Swamp on Nov 24, 2016.
             The game lasted 03:22:48 (32468 turns).

Melicamp the Unseen (Spriggan Enchanter)           Turns: 32468, Time: 03:22:49

Health: -2/80      AC:  9    Str:  4    XL:     15   Next: 15%
Magic:  23/25      EV: 38    Int: 18    God:    Dithmenos [******]
Gold:   1592       SH:  0    Dex: 28    Spells: 5 memorised, 15 levels left

rFire  + . .     SeeInvis +     E - +3 rapier (venom)
rCold  . . .     Gourm    .     b - +2 robe {MR+}
rNeg   . . .     Faith    +     (shield restricted)
rPois  +         Spirit   .     D - +2 hat
rElec  .         Reflect  .     m - +2 cloak {rPois}
rCorr  .         Harm     .     (gloves unavailable)
MR     +++..                    (boots unavailable)
Stlth  ++++++++++               K - amulet of the Fool {Faith rF+}
                                Q - +3 ring of evasion
                                I - +6 ring of dexterity

@: wreathed by umbra, invisible, very quick
A: unfitting armour, see invisible, herbivore 3, speed 3, slow metabolism 2
a: Shadow Step, Shadow Form, Renounce Religion


You were on level 3 of the Swamp.
You worshipped Dithmenos.
Dithmenos was exalted by your worship.
You were full.

You visited 5 branches of the dungeon, and saw 26 of its levels.

You collected 2863 gold pieces.
You spent 1271 gold pieces at shops.

Inventory:

Hand Weapons
 p - a +3 dagger of venom
 E - a +3 rapier of venom (weapon)
Armour
 b - a +2 robe of magic resistance (worn)
 m - a +2 cloak of poison resistance (worn)
 D - a +2 hat (worn)
 O - the +4 skin of Zhor {rC+++}
   (You took it off a deep elf mage on level 11 of the Dungeon)

   It renders you almost immune to cold.
Jewellery
 I - a +6 ring of dexterity (left hand)
 K - the amulet of the Fool (around neck) {Faith rF+}
   (You found it on level 9 of the Dungeon)

   [amulet of faith]

   It allows you to gain divine favour quickly.
   It protects you from fire.
 Q - a +3 ring of evasion (right hand)
 U - an uncursed ring of flight
Wands
 a - a wand of paralysis (15/24)
 o - a wand of digging (23/24)
 s - a wand of lightning (3/15)
 t - a wand of digging (18/24)
 x - a wand of iceblast (3/15)
 C - a wand of confusion (44/48)
 F - a wand of lightning (10/15)
 N - a wand of iceblast (6/15)
 R - a wand of disintegration (8/24)
 T - a wand of paralysis (16/24)
Scrolls
 e - 7 scrolls of remove curse
 q - a scroll of magic mapping
 v - 9 scrolls of teleportation
 y - 2 scrolls of holy word
 B - 3 scrolls of blinking
 J - a scroll of fear
 L - 6 scrolls of amnesia
Potions
 f - a potion of invisibility
 g - 2 potions of cure mutation
 h - 3 potions of agility
 i - 5 potions of cancellation
 j - 2 potions of ambrosia
 k - 3 potions of mutation
 n - 9 potions of curing
 r - 5 potions of lignification
 z - a potion of might {unknown}
 A - a potion of beneficial mutation {unknown}
 G - 2 potions of flight
 P - 2 potions of haste
 X - a potion of berserk rage {unknown}
Books
 c - a book of Maledictions

   Spells                             Type                      Level
   a - Corona                         Hexes                        1
   b - Ensorcelled Hibernation        Hexes/Ice                    2
   c - Confuse                        Hexes                        3
   d - Tukima's Dance                 Hexes                        3
   e - Dazzling Spray                 Conjuration/Hexes            3
 H - a book of Minor Magic

   Spells                             Type                      Level
   a - Magic Dart                     Conjuration                  1
   b - Blink                          Translocation                2
   c - Call Imp                       Summoning                    2
   d - Repel Missiles                 Charms/Air                   2
   e - Slow                           Hexes                        2
   f - Conjure Flame                  Conjuration/Fire             3
   g - Mephitic Cloud                 Conjuration/Poison/Air       3
 S - a book of Clouds

   Spells                             Type                      Level
   a - Mephitic Cloud                 Conjuration/Poison/Air       3
   b - Conjure Flame                  Conjuration/Fire             3
   c - Poisonous Cloud                Conjuration/Poison/Air       6
   d - Freezing Cloud                 Conjuration/Ice/Air          6
   e - Ring of Flames                 Charms/Fire                  7
 Z - a book of Death

   Spells                             Type                      Level
   a - Corpse Rot                     Necromancy                   2
   b - Sublimation of Blood           Necromancy                   2
   c - Agony                          Necromancy                   5
   d - Dispel Undead                  Necromancy                   5
   e - Excruciating Wounds            Charms/Necromancy            5
   f - Bolt of Draining               Conjuration/Necromancy       5
Comestibles
 d - 2 bread rations
 l - 21 fruits
 w - a royal jelly
 Y - a slice of pizza


   Skills:
 - Level 10.0 Fighting
 - Level 14.0 Short Blades
 - Level 15.0 Dodging
 * Level 17.3 Stealth
 - Level 6.2 Spellcasting
 - Level 14.0 Hexes
 - Level 2.1 Ice Magic
 - Level 4.3 Invocations
 - Level 3.0 Evocations


You had 15 spell levels left.
You knew the following spells:

 Your Spells              Type           Power        Failure   Level  Hunger
a - Corona                Hex            ######.      1%          1    None
b - Ensorcelled Hibernat  Hex/Ice        ####..       1%          2    None
c - Confuse               Hex            ######..     1%          3    ##.....
d - Slow                  Hex            ######..     1%          2    None
e - Tukima's Dance        Hex            ######..     1%          3    ##.....


Dungeon Overview and Level Annotations

Branches:
Dungeon (14/15)            Temple (1/1) D:6            Lair (6/6) D:11
  Swamp (3/4) Lair:3        Snake (0/4) Lair:4        Slime (0/5) Lair:5
    Orc (2/2) D:9             Elf (0/3) Orc:2        Vaults (0/5) D:14

Altars:
Ashenzari
Cheibriados
Dithmenos
Elyvilon
Fedhas
Gozag
Hepliaklqana
Kikubaaqudgha
Makhleb
Nemelex Xobeh
Okawaru
Qazlal
Ru
Sif Muna
Trog
Uskayaw
Vehumet
Xom
Yredelemnul
Zin
The Shining One
Beogh

Shops:
D:7 ?   D:10 =   D:13 (   D:14 }   Orc:1 [   Orc:2 (*=[[

Annotations:
D:3 Galewind's ghost, amateur DECj
Lair:1 exclusion: oklob plant
Swamp:3 Jorgrun


Innate Abilities, Weirdness & Mutations

You are very small and have problems with some larger weapons.
You are too small for most types of armour.
You have supernaturally acute eyesight. (SInv)
You are a herbivore.
You cover ground extremely quickly.
You need consume almost no food.


Message History

The insubstantial wisp barely misses you.
Jorgrun gestures at you while chanting. You resist with almost no effort.
The insubstantial wisp hits you but does no damage.
Jorgrun says, "May tha earth consume ye!"
The insubstantial wisp misses you.
The insubstantial wisp completely misses you.
Something tries to affect you, but you resist.
The insubstantial wisp thrums sharply.
You are struck by lightning.
* * * LOW HITPOINT WARNING * * *
The lightning arcs!
The insubstantial wisp blinks!
The insubstantial wisp completely misses you.
Press: ? - help, v - describe, . - travel
Here: an insubstantial wisp (umbra) Some shallow water.
You fade into invisibility!
The insubstantial wisp thrums sharply.
You are struck by lightning.
You die...

♣♣♣♣♣♣ ♣♣♣♣
♣≈≈≈.♣♣♣♣ ♣♣.≈≈♣
♣.≈≈<≈≈.♣♣..≈≈≈≈
♣♣♣♣....♣....♣ ≈ ♣♣
♣♣......≈≈.♣
..§♣≈♣♣§§≈≈≈.§≈≈.♣♣
..≈≈.§v@§≈≈≈.≈≈≈.≈.♣
..≈≈.♣vv§§≈.♣≈..≈≈≈.
§....§§v§§≈≈.§.≈≈≈≈≈
♣≈.≈♣♣§g§§§≈.≈≈≈.≈≈≈
♣♣≈ ≈≈.§§§≈≈.≈≈≈.≈≈≈
♣♣..♣.≈≈≈♣≈.≈.≈♣♣♣.
♣≈.≈≈≈≈.♣≈..≈.♣
♣≈≈♣≈.≈§....≈≈≈.♣
♣♣♣♣..≈≈≈≈§≈≈≈(♣♣


You could see Jorgrun and 4 insubstantial wisps.

Vanquished Creatures
  Kirke (D:12)
  Louise (Swamp:1)
  A stone giant (Orc:1)
  3 ettins
  Snorg (Lair:4)
  7 hydras
  3 centaur warriors (D:13)
  6 alligators
  A swamp dragon (Swamp:1)
  3 unseen horrors
  11 deep elf magi
  Pikel (D:4)
  2 orc knights (Orc:1)
  3 hill giants
  An oklob plant (Orc:2)
  10 cyclopes
  2 ugly things
  A manticore (D:14)
  12 elephants
  6 black mambas
  A centaur skeleton (D:11)
  10 spiny frogs
  2 gargoyles
  3 rime drakes
  2 freezing wraiths
  7 komodo dragons
  2 hornets (Lair:6)
  5 tyrant leeches
  4 trolls
  14 slime creatures
  5 polar bears
  8 blink frogs
  2 two-headed ogres
  A bog body (Swamp:1)
  6 hippogriffs
  A dream sheep (Lair:3)
  Sigmund (D:4)
  A shadow (D:12)
  2 wraiths
  2 wyverns
  13 spriggans (Lair:6)
  2 basilisks
  A hungry ghost (D:10)
  Eustachio (D:6)
  28 yaks
  A dancing weapon (Orc:2)
  3 fire bats (Lair:3)
  5 wargs
  5 vampire mosquitoes (Swamp:1)
  3 insubstantial wisps (Swamp:3)
  3 swamp worms
  2 nagas (Lair:4)
  A soldier ant (D:13)
  10 water moccasins
  8 porcupines
  23 orc warriors
  3 ice beasts
  A phantom (D:5)
  11 ogres
  3 black bears (Lair:6)
  4 boggarts (Lair:6)
  3 centaurs (D:13)
  41 wolves
  6 crocodiles
  5 big kobolds
  13 bullfrogs
  2 scorpions
  A water moccasin skeleton (D:5)
  8 killer bees
  11 wights
  2 howler monkeys
  5 crimson imps
  2 electric eels (Lair:4)
  A bullfrog zombie (D:8)
  A quasit (D:8)
  2 centaur zombies
  9 hounds
  A bullfrog skeleton (D:5)
  6 jellies
  28 orc wizards
  8 orc priests
  Crazy Yiuf (D:6)
  3 iguanas
  6 worker ants
  2 hound zombies
  3 river rats
  10 adders
  5 shadow imps
  5 oozes
  2 worms
  An adder skeleton (D:6)
  3 dart slugs
  5 leopard geckos
  114 orcs
  5 giant cockroaches
  9 goblins
  4 hobgoblins
  21 jackals
  29 kobolds
  4 quokkas
  14 bats
  3 frilled lizards
  A leopard gecko skeleton (D:5)
  2 quokka skeletons
  13 rats
706 creatures vanquished.

Vanquished Creatures (collateral kills)
  3 orc warriors
  An ogre (Orc:1)
  A bullfrog (D:11)
  A wight (D:9)
  3 orc wizards
  6 orcs
15 creatures vanquished.

Vanquished Creatures (others)
  A hippogriff (D:12)
  7 dancing weapons
  A human (D:12)
  2 wights (D:12)
  2 orcs
  15 fungi
  2 plants
  4 toadstools (D:1)
34 creatures vanquished.

Grand Total: 755 creatures vanquished

Notes
Turn   | Place    | Note
-------+----------+-------------------------------------------
     0 | D:1      | Melicamp the Spriggan Enchanter began the quest for the Orb.
     0 | D:1      | Reached XP level 1. HP: 9/9 MP: 5/5
   371 | D:1      | Reached skill level 5 in Stealth
   606 | D:1      | Reached XP level 2. HP: 13/13 MP: 4/6
   610 | D:1      | Learned a level 2 spell: Ensorcelled Hibernation
  1141 | D:1      | Reached skill level 6 in Stealth
  1409 | D:1      | Reached XP level 3. HP: 16/16 MP: 4/8
  1844 | D:2      | Learned a level 3 spell: Confuse
  2214 | D:2      | Found a bloodstained altar of Trog.
  2389 | D:2      | Reached skill level 7 in Stealth
  2489 | D:3      | Reached XP level 4. HP: 21/21 MP: 9/9
  2490 | D:3      | Reached skill level 8 in Stealth
  2927 | D:3      | Noticed Galewind's ghost (amateur DECj)
  3066 | D:3      | Reached XP level 5. HP: 24/24 MP: 1/10
  3413 | D:3      | Found an iron altar of Okawaru.
  3692 | D:3      | Found a shadowy altar of Dithmenos.
  3696 | D:3      | Became a worshipper of Dithmenos the Shadowed
  4170 | D:4      | Noticed a slave
  4341 | D:4      | Noticed a slave
  4343 | D:4      | Noticed Pikel
  4343 | D:4      | Noticed a slave
  4345 | D:4      | Noticed a slave
  4361 | D:4      | Killed Pikel
  4361 | D:4      | Reached XP level 6. HP: 20/28 MP: 11/11
  4361 | D:4      | Reached XP level 7. HP: 23/32 MP: 12/12
  4427 | D:4      | Noticed Sigmund
  4432 | D:4      | Killed Sigmund
  4432 | D:4      | Reached skill level 5 in Hexes
  4617 | D:4      | Found a burning altar of Makhleb.
  4617 | D:4      | Found a shattered altar of Ashenzari.
  4785 | D:5      | Entered Level 5 of the Dungeon
  4894 | D:5      | Found a sparkling altar of Nemelex Xobeh.
  4911 | D:5      | Reached * piety under Dithmenos
  5200 | D:5      | Found an iron altar of Okawaru.
  5282 | D:5      | Reached XP level 8. HP: 36/36 MP: 10/13
  5585 | D:5      | Found a sacrificial altar of Ru.
  5861 | D:6      | Noticed Eustachio
  5866 | D:6      | Killed Eustachio
  6371 | D:6      | Found a staircase to the Ecumenical Temple.
  6375 | D:6      | Reached skill level 5 in Dodging
  6391 | Temple   | Entered the Ecumenical Temple
  6708 | D:6      | Noticed a two-headed ogre
  6733 | D:6      | Killed a two-headed ogre
  6733 | D:6      | Reached XP level 9. HP: 39/39 MP: 6/16
  6957 | D:6      | Reached ** piety under Dithmenos
  7184 | D:6      | Found a runed door.
  7445 | D:6      | Noticed Crazy Yiuf
  7449 | D:6      | Killed Crazy Yiuf
  7567 | D:6      | Noticed a freezing wraith
  7570 | D:6      | Reached skill level 1 in Fighting
  7595 | D:6      | Killed a freezing wraith
  8342 | D:7      | Found Kyif's Magic Scroll Shoppe.
  8377 | D:7      | Bought a scroll of identify for 26 gold pieces
  8377 | D:7      | Bought a scroll of identify for 26 gold pieces
  8379 | D:7      | Bought a scroll of magic mapping for 45 gold pieces
  8926 | D:7      | Noticed an unseen horror
  8927 | D:7      | Killed an unseen horror
  9155 | D:8      | Reached skill level 1 in Evocations
  9173 | D:8      | Learned a level 2 spell: Slow
  9336 | D:8      | Reached skill level 1 in Invocations
  9360 | D:8      | Reached XP level 10. HP: 51/51 MP: 13/17
  9546 | D:8      | Reached *** piety under Dithmenos
 10528 | D:9      | Reached skill level 9 in Stealth
 10574 | D:9      | Got a flickering pewter amulet
 10576 | D:9      | Identified the amulet of the Fool {Faith rF+} (You found it on level 9 of the Dungeon)
 10784 | D:9      | Found a roughly hewn altar of Beogh.
 10784 | D:9      | Found a staircase to the Orcish Mines.
 11025 | D:9      | Reached skill level 10 in Stealth
 11398 | D:7      | Bought a scroll of brand weapon for 260 gold pieces
 11398 | D:7      | Bought a scroll of enchant weapon for 97 gold pieces
 11451 | Orc:1    | Entered Level 1 of the Orcish Mines
 11451 | Orc:1    | Found Upnimab's Armour Shop.
 11913 | Orc:2    | Entered Level 2 of the Orcish Mines
 11913 | Orc:2    | Found a staircase to the Elven Halls.
 11917 | Orc:2    | Noticed a cyclops
 11919 | Orc:2    | Noticed an ettin
 12022 | Orc:2    | Found Qelylibb's Jewellery Shop.
 12023 | Orc:2    | Killed a cyclops
 12277 | Orc:1    | Killed an ettin
 12277 | Orc:1    | Reached skill level 10 in Short Blades
 12374 | D:9      | Learned a level 3 spell: Tukima's Dance
 12406 | Orc:2    | Reached skill level 10 in Dodging
 12445 | Orc:2    | Noticed a cyclops
 12455 | Orc:2    | Killed a cyclops
 12455 | Orc:2    | Reached XP level 11. HP: 53/54 MP: 3/18
 12573 | Orc:2    | Found Qoosadghi's Antique Weapon Shoppe.
 12573 | Orc:2    | Noticed an ettin
 12897 | Orc:1    | Reached skill level 11 in Stealth
 12980 | Orc:2    | Found Osilo's Antique Armour Shoppe.
 13015 | Orc:2    | Found Ducvaxy's Antique Armour Boutique.
 13016 | Orc:2    | Noticed a stone giant
 13117 | Orc:2    | Noticed an orc knight
 13331 | Orc:1    | Killed an orc knight
 13538 | Orc:1    | Killed a stone giant
 13538 | Orc:1    | Reached skill level 12 in Stealth
 13671 | Orc:2    | Noticed a deep elf mage
 13684 | Orc:2    | Killed a deep elf mage
 14355 | Orc:2    | Killed an ettin
 14634 | Orc:2    | Noticed an oklob plant
 14637 | Orc:2    | Killed an oklob plant
 14961 | Orc:2    | Noticed an ettin
 14962 | Orc:2    | Found Yrphee's General Store.
 15029 | Orc:2    | Reached skill level 13 in Stealth
 15399 | Orc:2    | Killed an ettin
 15686 | Orc:2    | Reached XP level 12. HP: 58/58 MP: 14/19
 15929 | Orc:2    | Bought an uncursed ring of stealth for 280 gold pieces
 15949 | Orc:2    | Bought an embroidered robe for 214 gold pieces
 15988 | Orc:2    | Bought a runed robe for 147 gold pieces
 16023 | Orc:1    | Bought a +1 hat for 176 gold pieces
 16772 | Orc:1    | Reached skill level 14 in Stealth
 17088 | Orc:1    | Reached **** piety under Dithmenos
 17639 | D:10     | Entered Level 10 of the Dungeon
 17858 | D:9      | Reached skill level 15 in Dodging
 18271 | D:10     | Reached ***** piety under Dithmenos
 18292 | D:10     | Reached skill level 15 in Stealth
 18428 | D:10     | Found Cumoc's Jewellery Boutique.
 18812 | D:10     | Reached skill level 5 in Fighting
 20075 | D:11     | Found a staircase to the Lair.
 20096 | Lair:1   | Entered Level 1 of the Lair of Beasts
 20127 | Lair:1   | Reached ****** piety under Dithmenos
 20653 | Lair:1   | Reached XP level 13. HP: 62/65 MP: 20/20
 23850 | Lair:3   | Found a staircase to the Swamp.
 24428 | Lair:4   | Found a staircase to the Snake Pit.
 24692 | Lair:4   | You fall through a shaft!
 24692 | Lair:5   | Found a staircase to the Slime Pits.
 24983 | Lair:4   | Noticed Snorg
 24985 | Lair:4   | Killed Snorg
 25812 | Lair:5   | Reached skill level 10 in Fighting
 25965 | Lair:5   | Reached XP level 14. HP: 77/77 MP: 21/21
 26521 | Lair:6   | Entered Level 6 of the Lair of Beasts
 26629 | Lair:6   | Reached skill level 5 in Spellcasting
 26877 | Lair:6   | Reached skill level 10 in Hexes
 27990 | Lair:6   | Reached skill level 1 in Ice Magic
 28802 | D:12     | Found a hide-covered altar of Uskayaw.
 28802 | D:12     | Noticed Kirke
 28828 | D:12     | Killed Kirke
 30394 | D:13     | Reached skill level 16 in Stealth
 30455 | D:13     | Found Xydil's Weapon Shoppe.
 30845 | D:14     | Found Zasogec's Gadget Shop.
 30878 | D:14     | Found a gate to the Vaults.
 31236 | Swamp:1  | Entered Level 1 of the Swamp
 31298 | Swamp:1  | Noticed Louise
 31360 | Swamp:1  | Killed Louise
 31580 | Swamp:1  | Noticed a thorn hunter
 31587 | Swamp:1  | Reached XP level 15. HP: 25/80 MP: 21/25
 32228 | Swamp:2  | Reached skill level 17 in Stealth
 32451 | Swamp:3  | Noticed Jorgrun
 32467 | Swamp:3  | HP: 4/80 [insubstantial wisp/static electricity (9)]
 32468 | Swamp:3  | Killed from afar by an insubstantial wisp

Skill      XL: |  1  2  3  4  5  6  7  8  9 10 11 12 13 14 15 |
---------------+----------------------------------------------+-----
Stealth        | 5 6 7 8 10 13 15 16 17 | 17.3
Short Blades   | 2 7 8 10 12 14 | 14.0
Hexes          | 6 9 13 14 | 14.0
Spellcasting   | 4 6 |  6.2
Dodging        | 6 8 10 14 15 | 15.0
Fighting       | 4 6 10 | 10.0
Evocations     | 2 3 |  3.0
Invocations    | 1 4 |  4.3
Ice Magic      | 2 |  2.1

Action                   |  1- 3 |  4- 6 |  7- 9 | 10-12 | 13-15 || total
-------------------------+-------+-------+-------+-------+-------++-------
Melee: Dagger            |   239 |    90 |   240 |    62 |       ||   631
       Short sword       |       |       |       |   129 |       ||   129
       Rapier            |       |       |       |   560 |  1192 ||  1752
 Cast: Corona            |    19 |     3 |     3 |     5 |     7 ||    37
       Ensorcelled Hiber |    10 |    11 |    37 |   110 |    81 ||   249
       Confuse           |     1 |     7 |    24 |   128 |    65 ||   225
       Tukima's Dance    |       |       |       |    50 |     5 ||    55
       Slow              |       |       |       |     4 |     1 ||     5
Invok: Shadow Step       |       |       |       |    12 |     9 ||    21
Evoke: Wand              |       |       |     1 |    25 |     9 ||    35
  Use: Scroll            |     7 |     5 |    13 |    18 |     8 ||    51
       Potion            |       |     1 |       |       |     5 ||     6
 Stab: Sleeping          |    17 |    13 |    42 |    52 |   117 ||   241
       Distracted        |     1 |     1 |     1 |     5 |    11 ||    19
       Confused          |     1 |     2 |    10 |    53 |    36 ||   102
       Invisible         |       |     1 |     1 |       |     7 ||     9
       Paralysed         |       |       |     1 |     6 |     1 ||     8
  Eat: Fruit             |     1 |       |       |     5 |     4 ||    10
       Pizza             |       |     1 |     1 |       |     1 ||     3
       Bread ration      |       |     1 |     1 |     4 |     2 ||     8
Armor: Robe              |    28 |    15 |    10 |    41 |    38 ||   132
Dodge: Dodged            |   104 |    84 |   111 |   789 |  1111 ||  2199
